General information
			
			
        
        - name: BNet
 
        - type: Ladder 1vs1/FFA
 
        - host: Battle.net
 
        - saver: DirtMcGirt
 
        
map: TwistedMeadows 
        - players: 2
 
        - length: 20:23
 
        - speed: Fast
 - version: 1.22 W3XP
 - replay type:  Public
 
» download(65 KB)
Players
        team 1 (winner) 
              
              
DirtMcGirt (
yellow | 87 APM | 1772 actions | 20:23)
              
 3 Pandaren Brewmaster 
 2 Breath of Fire
 1 Drunken Haze
 3 Pit Lord 
 2 Cleaving Attack
 1 Howl of Terror
 3 Goblin Tinker 
 2 Pocket Factory
 1 Cluster Rockets
 
                » actions 
                
                | Assign group hotkey | 7 |  | 
| Build / train | 74 |  | 
| ESC pressed | 2 |  | 
| Enter build submenu | 23 |  | 
| Enter hero's abilities submenu | 9 |  | 
| Give item / drop item | 7 |  | 
| Remove unit from queue | 1 |  | 
| Right click | 740 |  | 
| Select / deselect | 770 |  | 
| Select group hotkey | 38 |  | 
| Use ability | 101 |  | 
                1772 total
 » units 
                
                | Peasant | 12 |  | 
| Mortar Team | 5 |  | 
| Goblin Zeppelin | 1 |  | 
| Priest | 2 |  | 
| Sorceress | 4 |  | 
                24 total
 » upgrades
                
                | Masonry | 3 |  | 
| Lumber Harvesting | 2 |  | 
| Fragmentation Shards | 1 |  | 
| Sorceress Training | 1 |  | 
                7 total
 » buildings
                
                | Altar of Kings | 1 |  | 
| Lumber Mill | 1 |  | 
| Farm | 6 |  | 
| Scout Tower | 18 |  | 
| Guard Tower | 12 |  | 
| Keep | 1 |  | 
| Arcane Vault | 2 |  | 
| Blacksmith | 1 |  | 
| Workshop | 1 |  | 
| Castle | 2 |  | 
| Town Hall | 1 |  | 
| Arcane Sanctum | 1 |  | 
                47 total
 » build order
                00:11 Altar of Kings
00:16 Lumber Mill
00:25 Farm
00:59 Farm
01:28 Scout Tower
01:32 Scout Tower
01:40 Scout Tower
01:41 Scout Tower
02:00 Guard Tower
02:04 Scout Tower
02:13 Guard Tower
02:23 Farm
02:38 Guard Tower
02:44 Guard Tower
03:45 Keep
03:48 Scout Tower
03:49 Scout Tower
04:05 Arcane Vault
04:14 Arcane Vault
04:17 Guard Tower
04:30 Scout Tower
04:31 Scout Tower
04:32 Scout Tower
04:33 Scout Tower
04:42 Guard Tower
04:47 Blacksmith
05:14 Farm
05:33 Guard Tower
05:52 Guard Tower
05:53 Guard Tower
06:01 Farm
06:04 Farm
06:15 Guard Tower
06:23 Workshop
08:06 Castle
08:07 Castle
09:40 Town Hall
12:42 Scout Tower
12:43 Scout Tower
12:48 Scout Tower
12:49 Scout Tower
12:50 Scout Tower
12:52 Scout Tower
12:52 Scout Tower
14:05 Arcane Sanctum
15:29 Guard Tower
15:29 Guard Tower
» items
                
                | Potion of Healing | 4 |  | 
| Potion of Mana | 3 |  | 
| Scroll of Regeneration | 2 |  | 
| Scroll of Town Portal | 3 |  | 
| Staff of Sanctuary | 2 |  | 
| Orb of Fire | 1 |  | 
                15 total
  
               team 2 (loser) 
              
              
4kt (
orange | 67 APM | 1369 actions | 20:21)
              
 4 Archmage 
 2 Summon Water Elemental
 2 Brilliance Aura
 1 Mountain King 
 1 Storm Bolt
 
                » actions 
                
                | Assign group hotkey | 2 |  | 
| Basic commands | 5 |  | 
| Build / train | 74 |  | 
| ESC pressed | 13 |  | 
| Enter build submenu | 26 |  | 
| Enter hero's abilities submenu | 5 |  | 
| Right click | 675 |  | 
| Select / deselect | 441 |  | 
| Select group hotkey | 2 |  | 
| Use ability | 126 |  | 
                1369 total
 » units 
                
                | Peasant | 27 |  | 
| Footman | 2 |  | 
| Rifleman | 6 |  | 
| Goblin Shredder | 1 |  | 
| Flying Machine | 1 |  | 
| Knight | 5 |  | 
                42 total
 » upgrades
                » buildings
                
                | Altar of Kings | 2 |  | 
| Farm | 11 |  | 
| Barracks | 2 |  | 
| Lumber Mill | 1 |  | 
| Blacksmith | 1 |  | 
| Keep | 1 |  | 
| Arcane Vault | 1 |  | 
| Scout Tower | 5 |  | 
| Town Hall | 1 |  | 
| Guard Tower | 5 |  | 
| Castle | 2 |  | 
| Workshop | 2 |  | 
                34 total
 » build order
                00:08 Altar of Kings
00:19 Farm
00:43 Barracks
00:58 Farm
03:10 Lumber Mill
03:48 Blacksmith
04:32 Keep
04:41 Arcane Vault
07:02 Scout Tower
07:12 Town Hall
07:23 Scout Tower
08:23 Farm
08:24 Farm
08:27 Guard Tower
09:19 Farm
09:45 Farm
10:02 Scout Tower
10:32 Guard Tower
11:23 Scout Tower
11:27 Scout Tower
12:56 Guard Tower
12:56 Guard Tower
13:25 Farm
13:46 Farm
13:50 Castle
13:50 Castle
14:41 Workshop
14:44 Workshop
15:30 Farm
15:31 Farm
18:49 Farm
19:34 Altar of Kings
19:38 Barracks
» items
                
                | Scroll of Regeneration | 2 |  | 
| Lesser Clarity Potion | 2 |  | 
| Potion of Healing | 2 |  | 
| Ivory Tower | 2 |  | 
| Potion of Mana | 1 |  | 
                9 total
  
                Chat log
          (00:05 / All) DirtMcGirt: gl hf
(00:11 / All) 4kt: 2
(18:42 / All) DirtMcGirt: damn gg
(19:31 / All) DirtMcGirt: gg u lose
(20:13 / All) DirtMcGirt: i kno u got expo